 Dungeon Crawl Stone Soup version 0.21.1-74-g47da925 (console) character file.

23529 toffzen the Quickloader (level 13, -9/84 HPs)
             Began as a Kobold Hunter on Aug 9, 2018.
             Was an Elder of Nemelex Xobeh.
             Hit by a large rock thrown by a stone giant (12 damage)
             ... on level 12 of the Dungeon on Aug 10, 2018.
             The game lasted 01:48:01 (22639 turns).

toffzen the Quickloader (Kobold Hunter)            Turns: 22639, Time: 01:48:02

Health: -9/84      AC: 13    Str: 13    XL:     13   Next: 35%
Magic:  0/19       EV: 21    Int: 12    God:    Nemelex Xobeh [****..]
Gold:   994        SH:  0    Dex: 20    Spells: 12/12 levels left

rFire    . . .     SeeInvis .   b - +2 dagger (elec)
rCold    . . .     Gourm    .   h - +0 buckler
rNeg     . . .     Faith    .   Q - +0 ring mail (curse)
rPois    .         Spirit   +   m - +2 hat
rElec    .         Reflect  .   s - scarf {Spirit}
rCorr    .         Harm     .   (no gloves)
MR       .....                  r - +1 pair of boots
Stlth    +.........             (no amulet)
HPRegen  0.24/turn              c - +3 ring of protection
MPRegen  0.16/turn              C - +3 ring of dexterity

@: confused, about to teleport
A: small, carnivore, MP-powered wands, sturdy frame 1
a: Triple Draw, Deal Four, Renounce Religion


You were on level 12 of the Dungeon.
You worshipped Nemelex Xobeh.
Nemelex Xobeh was greatly pleased with you.
You were not hungry.

You visited 2 branches of the dungeon, and saw 15 of its levels.

You collected 994 gold pieces.

Inventory:

Hand Weapons
 a - a +3 hand crossbow
 b - a +2 dagger of electrocution (weapon)
Missiles
 d - 5 bolts
 i - 445 stones
 B - 6 tomahawks (quivered)
 F - a throwing net
 M - 26 sling bullets
Armour
 h - a +0 buckler (worn)
 m - a +2 hat (worn)
 r - a +1 pair of boots (worn)
 s - a scarf of spirit shield (worn)
 Q - a cursed +0 ring mail (worn)
Jewellery
 c - a +3 ring of protection (left hand)
 C - a +3 ring of dexterity (right hand)
 D - an uncursed ring of protection from cold
Wands
 g - a wand of polymorph (35)
 k - a wand of enslavement (9)
 w - a wand of digging (21)
 x - a wand of paralysis (10)
 y - a wand of disintegration (7)
 K - a wand of scattershot (2)
 O - a wand of flame (11)
Scrolls
 l - a scroll of fog
 n - a scroll of teleportation
 o - 4 scrolls of enchant armour
 t - 4 scrolls of magic mapping
 u - 2 scrolls of remove curse
 A - a scroll of silence
 E - a scroll of random uselessness {unknown}
 J - a scroll of vulnerability {unknown}
 P - 2 scrolls of identify
Potions
 e - 3 potions of cancellation
 q - a potion of curing
 G - a potion of agility
 H - a potion of resistance
 I - 2 potions of brilliance {unknown}
Miscellaneous
 j - a plain deck of destruction {drawn: 2}
 z - a plain deck of summoning {drawn: 10}
 N - an ornate deck of summoning {drawn: 2}
Comestibles
 f - 26 rations


   Skills:
 + Level 10.8 Fighting
 * Level 8.8 Short Blades
 - Level 12.8 Crossbows
 - Level 5.1 Armour
 - Level 10.4 Dodging
 - Level 8.9 Stealth
 + Level 3.2 Shields
 - Level 8.4 Invocations


You had 12 spell levels left.
You didn't know any spells.

Dungeon Overview and Level Annotations

Branches:
Dungeon (12/15)            Temple (0/1) D:7            Lair (3/6) D:10
    Orc (0/2) D:9
  Swamp: Lair:2-4    Shoals: Lair:2-4     Snake: Lair:2-4    Spider: Lair:2-4

Altars:
Dithmenos
Fedhas
Gozag
Kikubaaqudgha
Nemelex Xobeh
Okawaru
Sif Muna
Wu Jian
Xom
Zin
The Shining One

Shops:
D:8 *

Annotations:
D:3 Sermion's ghost, amateur MiBe
D:8 1 exclusion
D:9 5 runed doors


Innate Abilities, Weirdness & Mutations

You are small and have problems with some larger weapons.
You are carnivorous and can eat meat at any time.
You expend magic power (3 MP) to strengthen your wands.
Your movements are slightly less encumbered by armour. (ER -2)


Message History

HP restored.
An ettin and a stone giant come into view.
The ettin shouts in stereo!
The stone giant shouts!
The stone giant throws a large rock.
You block the large rock.
Found 9 gold pieces.
You see here a large rock.
Evoke which item? (* to show all) (? for menu, Esc to quit)
You draw a card...
It is the Pentagram.
The ettin hits you with a great mace!!! The ettin hits you with a dire flail!!!
* * * LOW HITPOINT WARNING * * *
As you read the scroll of teleportation, it crumbles to dust.
You feel strangely unstable.
Your hell hound bites the rust devil!
The rust devil barely misses you.
You are confused.
You feel invigorated.
Your hell hound bites the rust devil.
The ettin barely misses you. The ettin hits you with a dire flail!!
* * * LOW HITPOINT WARNING * * *
The stone giant throws a large rock.
The large rock hits you!
You die...
Your body glows slightly and disappears.

####
################...
#........).....#...
#.#######(######...
#......##......#...
######.#######.#...
#C@4h..##......#...
#.#######.######...
#.. #..........
#C.$ #..........
#R### #.######...
#.ยง #.. #... ###
### #... #... #...


You could see a stone giant, an ettin, a rust devil, an efreet and a friendly
hell hound.

Vanquished Creatures
  2 centaur warriors (D:12)
  A two-headed ogre (D:12)
  2 skeletal warriors (D:11)
  An unseen horror (D:12)
  The ghost of p0werm0de the Reanimator, a novice OpNe of Cheibriados (D:8)
  3 spiny frogs
  2 komodo dragons
  2 trolls
  2 slime creatures (D:11)
  2 hornets
  7 blink frogs
  A hippogriff (D:10)
  A wyvern (D:12)
  A wraith (D:12)
  12 yaks
  2 hogs (D:6)
  6 hungry ghosts
  A steam dragon (Lair:2)
  A human (D:6)
  A warg (Lair:1)
  9 porcupines
  6 water moccasins
  4 orc warriors
  A black bear (D:11)
  2 sky beasts
  2 ice beasts
  A necrophage (D:11)
  A boggart (Lair:1)
  A wolf (D:8)
  4 ogres
  3 phantoms
  2 centaurs
  A crocodile (D:11)
  2 big kobolds
  12 bullfrogs
  A gnoll sergeant (D:8)
  A wyvern zombie (D:12)
  3 scorpions
  12 killer bees
  8 howler monkeys
  3 wights (D:8)
  A bullfrog zombie (D:11)
  2 crimson imps
  A quasit (D:12)
  7 hounds
  A jelly (D:6)
  2 centaur skeletons
  5 orc priests
  A bullfrog skeleton (D:12)
  Jessica (D:3)
  Ijyb (D:5)
  4 iguanas
  13 orc wizards
  A killer bee zombie (D:6)
  10 worker ants
  A bullfrog simulacrum (D:12)
  A hound skeleton (D:9)
  A howler monkey zombie (D:5)
  2 worker ant zombies
  8 gnolls
  A howler monkey skeleton (D:4)
  11 adders
  4 shadow imps
  3 white imps (Lair:2)
  An ooze (D:5)
  2 worms (D:2)
  A dart slug (D:3)
  2 leopard geckos
  42 orcs
  5 bats
  12 giant cockroaches
  2 goblins
  2 hobgoblins (D:2)
  6 jackals (D:5)
  15 kobolds
  4 quokkas
  A ball python (D:6)
  7 frilled lizards
  A jackal skeleton (D:7)
  A leopard gecko skeleton (D:5)
  A leopard gecko zombie (D:7)
  2 quokka zombies (D:7)
  3 rats
  4 fungi
  4 plants
330 creatures vanquished.

Vanquished Creatures (collateral kills)
  A hydra (Lair:2)
  A two-headed ogre (D:12)
  A skeletal warrior (D:11)
  A deep elf mage (D:12)
  An ugly thing (D:12)
  A manticore (D:12)
  A centaur zombie (D:12)
  2 black mambas
  2 spiny frogs (Lair:2)
  A komodo dragon (Lair:1)
  A polar bear (Lair:3)
  A slime creature (D:11)
  7 blink frogs
  2 hippogriffs
  A wyvern (Lair:2)
  2 hogs (D:7)
  3 yaks (Lair:2)
  Grum (D:8)
  A water moccasin (Lair:2)
  3 porcupines
  An ice beast (D:12)
  An ogre (D:12)
  2 crocodiles (Lair:2)
  4 bullfrogs
  9 white imps (Lair:2)
  4 orcs
55 creatures vanquished.

Vanquished Creatures (others)
  A spiny frog (D:10)
  A yak (D:9)
  A wolf (D:8)
  2 orc warriors (D:9)
  A black bear (D:10)
  A wight (D:8)
  15 fungi
  3 plants
25 creatures vanquished.

Grand Total: 410 creatures vanquished

Notes
Turn   | Place    | Note
-------+----------+-------------------------------------------
     0 | D:1      | toffzen the Kobold Hunter began the quest for the Orb.
     0 | D:1      | Reached XP level 1. HP: 12/12 MP: 1/1
    34 | D:1      | Reached skill level 5 in Crossbows
    56 | D:1      | Reached XP level 2. HP: 18/18 MP: 2/2
   834 | D:2      | Found a shimmering altar of Xom.
   847 | D:2      | Reached XP level 3. HP: 21/22 MP: 3/3
  1207 | D:2      | Reached XP level 4. HP: 27/27 MP: 4/4
  1319 | D:2      | Found a glowing golden altar of the Shining One.
  1723 | D:2      | Reached skill level 6 in Crossbows
  1797 | D:3      | Noticed Jessica
  1800 | D:3      | Killed Jessica
  1800 | D:3      | Reached XP level 5. HP: 32/32 MP: 5/5
  1970 | D:3      | Noticed Sermion's ghost (amateur MiBe)
  2892 | D:4      | Reached XP level 6. HP: 26/37 MP: 6/6
  3163 | D:4      | Reached skill level 7 in Crossbows
  3322 | D:4      | Noticed an ogre
  3324 | D:4      | Noticed a phantom
  3330 | D:4      | Killed an ogre
  3638 | D:4      | Reached XP level 7. HP: 37/43 MP: 7/7
  3987 | D:5      | Entered Level 5 of the Dungeon
  3999 | D:5      | Reached skill level 5 in Dodging
  4190 | D:5      | Reached skill level 8 in Crossbows
  4839 | D:5      | Found an opulent altar of Gozag.
  5080 | D:5      | Noticed Ijyb
  5092 | D:5      | Killed Ijyb
  5092 | D:5      | Reached XP level 8. HP: 38/48 MP: 8/8
  5189 | D:5      | Found a deep blue altar of Sif Muna.
  5587 | D:6      | Found an iron altar of Okawaru.
  5597 | D:6      | Found a sparkling altar of Nemelex Xobeh.
  5602 | D:6      | Became a worshipper of Nemelex Xobeh the Trickster
  5650 | D:6      | Received a gift from Nemelex Xobeh
  5656 | D:6      | Reached skill level 5 in Fighting
  5751 | D:6      | Noticed a blink frog
  5751 | D:6      | a water moccasin changed into a blink frog
  5768 | D:6      | Killed a blink frog
  5768 | D:6      | Reached skill level 9 in Crossbows
  5768 | D:6      | Reached skill level 1 in Invocations
  6426 | D:7      | Reached * piety under Nemelex Xobeh
  6971 | D:6      | Reached XP level 9. HP: 47/55 MP: 9/11
  7409 | D:7      | Reached skill level 10 in Crossbows
  7435 | D:7      | Found a staircase to the Ecumenical Temple.
  7611 | D:7      | Reached skill level 1 in Armour
  7653 | D:7      | Found a blossoming altar of Fedhas.
  8078 | D:7      | Found a shimmering altar of Xom.
  8134 | D:8      | Received a gift from Nemelex Xobeh
  8147 | D:8      | Found Zin's Purification Station.
  8154 | D:8      | Found a glowing silver altar of Zin.
  8384 | D:8      | Reached skill level 11 in Crossbows
  8467 | D:8      | Reached XP level 10. HP: 61/61 MP: 13/13
  8534 | D:8      | Noticed p0werm0de's ghost (novice OpNe)
  8544 | D:8      | Killed p0werm0de's ghost
  8884 | D:8      | Noticed Grum
  9028 | D:8      | Found a shadowy altar of Dithmenos.
  9029 | D:8      | Found an ancient bone altar of Kikubaaqudgha.
  9127 | D:8      | Killed Grum
  9127 | D:8      | Reached skill level 5 in Invocations
  9791 | D:8      | Found an ornate altar of the Wu Jian Council.
 10200 | D:9      | Found the +9 staff of Olgreb {rPois}
 10210 | D:9      | Found a runed door.
 10215 | D:9      | Found a runed gate.
 10216 | D:9      | Found a runed door.
 10227 | D:9      | Found a runed gate.
 10227 | D:9      | Found a runed gate.
 10702 | D:9      | Found a staircase to the Orcish Mines.
 10829 | D:9      | Reached ** piety under Nemelex Xobeh
 10843 | D:9      | Received a gift from Nemelex Xobeh
 11526 | D:9      | Reached skill level 5 in Stealth
 11818 | D:9      | Reached XP level 11. HP: 46/68 MP: 12/15
 12227 | D:10     | Entered Level 10 of the Dungeon
 12618 | D:10     | Reached skill level 12 in Crossbows
 13283 | D:10     | Found a staircase to the Lair.
 13312 | D:10     | Received a gift from Nemelex Xobeh
 13536 | Lair:1   | Entered Level 1 of the Lair of Beasts
 13586 | D:10     | Gained mutation: You have supernaturally acute eyesight. (SInv) [potion of mutation]
 13586 | D:10     | Lost mutation: You have supernaturally acute eyesight. (SInv) [potion of mutation]
 13586 | D:10     | Gained mutation: You expend magic power (3 MP) to strengthen your wands. [potion of mutation]
 13586 | D:10     | Gained mutation: Your movements are slightly less encumbered by armour. (ER -2) [potion of mutation]
 14406 | Lair:1   | Received a gift from Nemelex Xobeh
 14406 | Lair:1   | Received a gift from Nemelex Xobeh
 15080 | Lair:1   | Reached *** piety under Nemelex Xobeh
 15856 | Lair:2   | Received a gift from Nemelex Xobeh
 15861 | Lair:2   | Noticed a seven-headed hydra
 16019 | Lair:2   | Reached XP level 12. HP: 14/76 MP: 4/17
 16622 | Lair:2   | Killed a seven-headed hydra
 16928 | Lair:2   | Reached skill level 10 in Dodging
 17056 | Lair:2   | Received a gift from Nemelex Xobeh
 17993 | Lair:2   | Reached skill level 5 in Armour
 18113 | Lair:3   | Received a gift from Nemelex Xobeh
 18381 | D:11     | Reached **** piety under Nemelex Xobeh
 18596 | D:10     | Reached skill level 1 in Short Blades
 19080 | D:11     | Noticed a skeletal warrior
 19096 | D:11     | Noticed a skeletal warrior
 19128 | D:11     | Killed a skeletal warrior
 19147 | D:11     | Killed a skeletal warrior
 19148 | D:11     | Noticed a skeletal warrior
 19918 | D:11     | Killed a skeletal warrior
 19954 | D:12     | Noticed a centaur warrior
 19994 | D:12     | Reached skill level 10 in Fighting
 20090 | D:12     | Reached skill level 1 in Shields
 20201 | D:12     | Killed a centaur warrior
 20201 | D:12     | Reached skill level 5 in Short Blades
 20657 | D:12     | Reached XP level 13. HP: 49/82 MP: 10/19
 21351 | D:12     | Received a gift from Nemelex Xobeh
 22189 | D:12     | Noticed a centaur warrior
 22211 | D:12     | Killed a centaur warrior
 22635 | D:12     | Noticed a stone giant
 22635 | D:12     | Noticed an ettin
 22639 | D:12     | HP: 3/84 [ettin/great mace (22)]
 22639 | D:12     | Hit by a large rock thrown by a stone giant

Skill      XL: |  1  2  3  4  5  6  7  8  9 10 11 12 13 |
---------------+----------------------------------------+-----
Crossbows      | 5 6 7 8 9 11 12 | 12.8
Dodging        | 3 4 5 6 7 8 9 10 | 10.4
Fighting       | 3 4 5 6 7 9 10 | 10.8
Invocations    | 2 4 5 7 8 |  8.4
Armour         | 2 3 4 5 |  5.1
Stealth        | 2 5 8 |  8.9
Short Blades   | 6 8 |  8.8
Shields        | 1 3 |  3.2

Action                   |  1- 3 |  4- 6 |  7- 9 | 10-12 | 13-15 || total
-------------------------+-------+-------+-------+-------+-------++-------
Melee: Dagger            |       |       |    70 |   419 |   166 ||   655
       Whip              |       |       |     9 |       |       ||     9
 Fire: Hand crossbow     |    70 |   109 |   262 |   472 |       ||   913
Throw: Stone             |       |       |    11 |    10 |       ||    21
       Tomahawk          |       |       |       |    18 |    21 ||    39
Invok: Triple Draw       |       |       |       |     3 |       ||     3
Evoke: Deck              |       |       |    17 |    51 |     5 ||    73
       Wand              |       |       |       |    11 |    30 ||    41
  Use: Scroll            |       |     6 |     9 |    12 |     2 ||    29
       Potion            |       |     2 |     3 |    10 |     1 ||    16
 Stab: Petrified         |       |       |     2 |       |       ||     2
       Petrifying        |       |       |       |     1 |       ||     1
       Distracted        |       |       |       |     3 |       ||     3
       Sleeping          |       |       |       |     1 |       ||     1
  Eat: Chunk             |     9 |     7 |    15 |    46 |    12 ||    89
       Ration            |       |       |       |     2 |       ||     2
Armor: Leather armour    |     4 |     9 |    25 |     8 |       ||    46
       Skin              |       |     4 |       |    11 |       ||    15
       Chain mail        |       |       |       |   277 |    31 ||   308
       Ring mail         |       |       |       |       |    15 ||    15
Dodge: Dodged            |    13 |    33 |   242 |   462 |    76 ||   826
Block: Buckler           |       |       |       |    14 |    34 ||    48
